 Dungeon Crawl Stone Soup version 0.28-a0-1613-gdaab1c2f9b (webtiles) character file.

Game seed: 3642326725396016312

43683 murtidash the Eclecticist (level 14, -8/108 HPs)
             Began as a Djinni Cinder Acolyte on Jan 22, 2022.
             Was an Initiate of Ignis.
             Mangled by a cane toad (10 damage)
             ... on level 5 of the Lair of Beasts.
             The game lasted 00:58:08 (29980 turns).

murtidash the Eclecticist (Djinni Cinder Acolyte)  Turns: 29980, Time: 00:58:08

Health: -8/108     AC:  9    Str: 10 (11) XL:     14   Next: 61%
Gold:   2285       EV: 11    Int: 22 (23) God:    Ignis [......] SH:  0 Dex: 10

rFire   + + +      SeeInvis +   b - staff of air {rElec}
rCold   . . .      Faith    .   (no shield)
rNeg    . . .      Spirit   .   u - +0 robe {rC+ rF+}
rPois   ∞          Reflect  .   m - +1 hat {Int+3}
rElec   +          Harm     .   I - +1 cloak of Light {rF+ MP+9 SInv}
rCorr   .          Rampage  .   (no gloves)
Will    ++...                   (boots unavailable)
Stlth   +.........              (no amulet)
HPRegen 0.28/turn               o - +4 ring of protection
MPRegen 0.00/turn               c - ring of wizardry {Wiz+, !d}

@: flying
A: sickness immunity, fire resistance 2, cold vulnerability 1, float, innate
caster, hp casting, extra vitality 1, horns 1, deterioration 1, strong-willed 1,
weak 1, subdued magic 1
a: Renounce Religion, Rising Flame


You were on level 5 of the Lair of Beasts.
You worshipped Ignis.
Ignis was noncommittal.
You visited 3 branches of the dungeon, and saw 17 of its levels.
You also visited: Bailey and Volcano.

You collected 2285 gold pieces.

Inventory:

Hand Weapons
 a - the +7 lajatang of Order {silver, rMut}
   (You found it on level 2 of the Lair of Beasts)

   It inflicts extra damage upon those it strikes, and deals substantially
   increased damage to chaotic, mutated and magically transformed beings.
   rMut:      It protects you from mutation.
 J - a -1 falchion of electrocution
 T - a +2 arbalest of flaming
   (You found it in a volcano)
Armour
 m - a +1 hat of intelligence (worn)
   (You acquired it on level 9 of the Dungeon)
 u - a +0 robe of resistance (worn)
   (You took it off Dowan on level 4 of the Dungeon)
 I - the +1 cloak of Light (worn) {rF+ MP+9 SInv}
   (You acquired it on level 3 of the Lair of Beasts)

   rF:        It protects you from fire.
   MP:        It affects your magic capacity (+9).
   SInv:      It lets you see invisible.
 L - a +2 buckler
   (You found it on level 2 of the Lair of Beasts)
 R - a scarf of resistance
   (You found it on level 5 of the Lair of Beasts)
 X - a +3 leather armour of fire resistance
   (You found it in a volcano)
Magical Staves
 b - a staff of air (weapon) {rElec}
   (You found it on level 2 of the Lair of Beasts)
 Q - a staff of cold {rC+}
   (You found it on level 4 of the Lair of Beasts)
Jewellery
 c - a ring of wizardry (right hand) {Wiz+, !d}
   (You found it on level 10 of the Dungeon)
 e - a ring of protection from cold {rC+, !d}
   (You found it on level 1 of the Lair of Beasts)
 g - a +4 ring of evasion
   (You found it on level 1 of the Dungeon)
 o - a +4 ring of protection (left hand)
   (You found it on level 3 of the Dungeon)
 q - a +4 ring of protection
   (You found it on level 3 of the Dungeon)
 v - a ring of resist corrosion
   (You found it on level 4 of the Dungeon)
 x - a ring of see invisible {sInv, !d}
   (You found it on level 5 of the Dungeon)
 M - a ring of fire {rF+, rC-}
   (You found it on level 8 of the Dungeon)
 P - a ring of protection from fire {rF+, !d}
   (You found it on level 3 of the Lair of Beasts)
Wands
 h - a wand of iceblast (5)
   (You found it on level 4 of the Lair of Beasts)
 r - a wand of polymorph (6)
   (You found it on level 4 of the Lair of Beasts)
 t - a wand of acid (1)
   (You found it on level 1 of the Lair of Beasts)
 w - a wand of flame (42)
   (You found it on level 5 of the Dungeon)
 C - a wand of charming (11)
   (You found it on level 3 of the Lair of Beasts)
 V - a wand of digging (4)
   (You found it on level 5 of the Lair of Beasts)
Scrolls
 i - a scroll of brand weapon
 j - 3 scrolls of fog
 k - 2 scrolls of enchant weapon
 n - 2 scrolls of teleportation
 s - 3 scrolls of vulnerability {!r!r}
 y - 4 scrolls of enchant armour
 A - 2 scrolls of torment {!r}
 G - a scroll of amnesia
 H - 2 scrolls of magic mapping {!r}
 U - a scroll of identify {@r1}
Potions
 d - a potion of brilliance
 f - 3 potions of lignification {!q}
 l - 3 potions of might
 p - 4 potions of curing
 z - 4 potions of attraction {!q}
 D - 2 potions of berserk rage {!q}
 K - a potion of haste
 S - a potion of mutation {!q}
Miscellaneous
 B - a phantom mirror
   (You found it on level 5 of the Lair of Beasts)
 F - a box of beasts
   (You found it on level 2 of the Lair of Beasts)
 N - a lightning rod (4/4)
   (You found it on level 2 of the Lair of Beasts)


   Skills:
 + Level 12.7 Fighting
 - Level 2.6 Long Blades
 - Level 7.0 Staves
 + Level 15.4 Spellcasting


You had 22 spell levels left.
You knew the following spells:

 Your Spells              Type           Power      Damage    Failure   Level
a - Scorch                Fire           100%       2d10      0%          2
b - Lightning Bolt        Conj/Air       39%        1d57      1%          5
c - Summon Ice Beast      Ice/Summ       60%        N/A       1%          4
d - Summon Lightning Spi  Summ/Air       78%        N/A       1%          4
w - Passwall              Tmut/Erth      50%        N/A       0%          2
X - Dazzling Flash        Conj/Hex       100%       N/A       0%          3
Z - Sandblast             Erth           100%       2d20      0%          1
Your spell library was empty.

Dungeon Overview and Level Annotations

Branches:
Dungeon (10/15)            Temple (1/1) D:7            Lair (6/6) D:8
  Swamp (0/4) Lair:2       Spider (0/4) Lair:2          Orc (0/2) D:10
 Bailey (visited)         Volcano (visited)
  Slime: Lair:5-6

Altars:
Ashenzari
Cheibriados
Dithmenos
Elyvilon
Fedhas
Gozag
Hepliaklqana
Kikubaaqudgha
Makhleb
Nemelex Xobeh
Okawaru
Qazlal
Ru
Sif Muna
Trog
Uskayaw
Vehumet
Wu Jian
Xom
Yredelemnul
Zin
The Shining One

Shops:
D:8 (


Innate Abilities, Weirdness & Mutations

You are immune to sickness and miasma.
You are immune to poison.
Your flesh is very heat resistant. (rF++)
You are vulnerable to cold. (rC-)
You float through the air rather than walking.
You learn spells naturally, not from books.
Your magical power is your life essence.
You have superior vitality. (+4 MHP)
You have a pair of small horns on your head.
Your body sometimes deteriorates upon taking damage.
You are strong-willed. (Will+)
You are weak. (Str -2)
Your spells are a little easier to cast, but a little less powerful.


Message History

Your lightning spire shoots out a bolt of lightning at the four-headed hydra!
The bolt of electricity hits the four-headed hydra!!
Your lightning spire shoots out a bolt of lightning at the four-headed hydra!
The bolt of electricity hits the four-headed hydra!!
Your lightning spire shoots out a bolt of lightning at the four-headed hydra!
The bolt of electricity hits the four-headed hydra!!
The four-headed hydra dies!
Your lightning spire disappears in a puff of smoke!
Your ice beast disappears in a puff of smoke!
Done exploring.
Done exploring.
Done exploring.
Done exploring.
Health restored: 108
There is a stone staircase leading down here.
You fly downwards.
The cane toad croaks.
The blink frog gives a loud, deep croak!
The blink frog croaks.
The vampire mosquito buzzes angrily.
The basilisk hisses angrily.
The yak bellows!
You hear a bellow!
The cane toad croaks.
You hear a bellow!
The blink frog closely misses you.
The blink frog hits you but does no damage.
The cane toad stings you but does no damage.
There is a stone staircase leading up here.
The yak bellows!
You hear a loud, deep croak!
The blink frog hits you!
Your body deteriorates!
You feel dopey.
The blink frog blinks!
The cane toad stings you!
The blink frog blinks!
You fly upwards.
There is a stone staircase leading down here.
You take 26 damage, and have 82/108 hp.
MASSIVE DAMAGE!!
You feel a surge of power!
An electric hum fills the air.
The cane toad misses you.
You take 4 damage, and have 78/108 hp.
A chill wind blows around you. The cane toad closely misses you.
You take 3 damage, and have 75/108 hp.
The cane toad stings you! The cane toad barely misses you.
You take 7 damage, and have 68/108 hp.
The cane toad stings your ice beast!
Your ice beast hits the cane toad but does no damage.
The cane toad stings your ice beast!!
Your ice beast hits the cane toad but does no damage.
The cane toad misses your ice beast.
Your ice beast hits the cane toad.
Your ice beast freezes the cane toad!
The cane toad seems to slow down.
The cane toad stings your ice beast.
Your ice beast hits the cane toad.
Your ice beast freezes the cane toad!
The cane toad seems to slow down.
The cane toad stings your ice beast!
Your ice beast dies!
Your ice beast disappears in a puff of smoke!
Aim: a cane toad (severely wounded, slow, ally target, 69% to hit)
You feel a surge of power!
You hear a mighty clap of thunder!
The bolt of lightning hits the cane toad!!
You kill the cane toad!
The bolt of lightning hits your lightning spire.
Your lightning spire completely resists.
You feel your intelligence returning.
You take 5 damage, and have 64/108 hp.
Your lightning spire disappears in a puff of smoke!
Done exploring.
Done exploring.
Done exploring.
Health restored: 108
There is a stone staircase leading down here.
You fly downwards.
The vampire mosquito bites you but does no damage.
The blink frog blinks!
The cane toad stings you!! The yak gores you! The vampire mosquito bites you.
The yak gores you but does no damage. The yak barely misses you.
The yak gores you! The cane toad stings you!
The vampire mosquito closely misses you.
The yak misses you.
The yak gores you but does no damage. x2
There is a stone staircase leading up here.
You take 50 damage, and have 58/108 hp.
MASSIVE DAMAGE!!
The vampire mosquito bites you. The yak barely misses you.
The cane toad stings you but does no damage.
The yak barely misses you. The yak misses you. The vampire mosquito bites you.
The yak gores you!
You fly upwards.
There is a stone staircase leading down here.
You take 12 damage, and have 46/108 hp.
Okay, then.
Unknown command.
Okay, then.
Unknown command.
Unknown command.
Okay, then.
Unknown command.
The yak is dazzled. x5; The cane toad is dazzled.
The vampire mosquito bites you. The cane toad stings you!
* * * LOW HITPOINT WARNING * * *
The yak gores you!
* * * LOW HITPOINT WARNING * * *
The yak gores you!
* * * LOW HITPOINT WARNING * * *
The yak gores you but does no damage. The yak closely misses you.
The yak barely misses you.
The vampire mosquito bites you but does no damage.
The cane toad stings you!
You die...

...#.....#............P..........
.##........#.........##..........
.#...#.##..#.....................
.#..#...#...#....................
............#....................
#........#..#.#.###..............
..##.8.8.##...#.8.#..............
..#.......#....Fy..#..........P.#
..#...<...#..+.Y@Y8.........#####
..#.......#..#.YYY.#..........###
..##.8.8..#.....8.#...........#.#
...#........####.##..........#.##
#...........#.................##P
#..#........#....................
.#....#....#.....................
.#.........#.....................
..#.......#......................


You could see 5 yaks, a cane toad (blind) and a vampire mosquito.

Vanquished Creatures
  Harold (Lair:2)
  2 hydras (Lair:5)
  A boulder beetle (Lair:5)
  2 two-headed ogres
  A death yak (Lair:4)
  A deep elf archer (Volcano)
  7 deep elf pyromancers (Volcano)
  2 oklob plants (Lair:4)
  A manticore (Lair:4)
  8 elephants
  Maurice (D:9)
  3 black mambas
  4 cane toads
  2 torpor snails
  Maggie (D:9)
  2 komodo dragons
  11 rime drakes
  A polar bear (Lair:3)
  6 dream sheep (Lair:4)
  8 blink frogs
  A culicivora (Lair:2)
  26 yaks
  3 wyverns
  3 basilisks
  2 fire elementals (Volcano)
  A steam dragon (D:6)
  6 vampire mosquitoes
  A two-headed ogre zombie (D:10)
  10 water moccasins
  4 hell hounds (Volcano)
  Duvessa (D:4)
  3 orc warriors
  A black bear (D:6)
  An ogre (D:5)
  2 centaurs
  A wolf (Lair:1)
  2 phantoms
  3 kobold brigands
  3 gnoll sergeants
  9 bullfrogs
  2 scorpions
  A wyvern skeleton (D:6)
  A water moccasin zombie (D:6)
  Dowan (D:4)
  4 killer bees (D:9)
  5 wights (D:8)
  3 howler monkeys
  2 bullfrog zombies (D:6)
  2 centaur skeletons (D:7)
  5 hounds
  A centaur zombie (D:6)
  A bullfrog skeleton (D:4)
  2 jellies (D:5)
  3 iguanas
  5 orc priests
  Natasha (thrice) (D:4)
  3 orc wizards
  4 hell rats
  2 killer bee zombies (D:6)
  7 ogre zombies (D:10)
  A hound skeleton (D:5)
  11 gnolls
  5 adders
  2 shadow imps (D:6)
  A white imp (D:7)
  An ufetubus (D:5)
  3 worms
  4 dart slugs
  20 orcs
  2 bats (D:2)
  7 endoplasms
  2 giant cockroaches (D:2)
  13 goblins
  20 hobgoblins
  4 quokkas
  7 ball pythons
  2 frilled lizards
  A goblin skeleton (D:10)
  2 goblin zombies (D:10)
  2 hobgoblin zombies (D:10)
  16 kobolds
  3 orc skeletons (D:10)
  17 orc zombies (D:10)
  6 rats
357 creatures vanquished.

Vanquished Creatures (collateral kills)
  The ghost of issech the Basher, a journeyman TrFi of Hepliaklqana (Lair:1)
  3 hydras
  4 lindwurms (Lair:2)
  A black mamba (Lair:2)
  3 elephants
  3 cane toads
  3 komodo dragons
  A hornet (Lair:4)
  6 blink frogs
  2 culicivoras (Lair:2)
  11 yaks
  A basilisk (Lair:1)
  3 water moccasins
  3 wolves (Lair:1)
  5 bullfrogs
  An electric eel (Lair:6)
  2 hell rats
53 creatures vanquished.

Vanquished Creatures (others)
  A bush (Lair:4)
  150 foxfires
  38 fungi
  106 plants
  A withered plant (D:6)
296 creatures vanquished.

Grand Total: 706 creatures vanquished

Notes
Turn   | Place    | Note
-------+----------+-------------------------------------------
     0 | D:1      | murtidash the Djinni Cinder Acolyte began the quest for the
                  | Orb.
     0 | D:1      | Reached XP level 1. HP: 20/20 MP: 0/0
   295 | D:1      | Reached XP level 2. HP: 25/25 MP: 0/0
   610 | D:1      | Reached skill level 3 in Spellcasting
   971 | D:2      | Reached XP level 3. HP: 25/30 MP: 0/0
   971 | D:2      | Learned a level 1 spell: Sandblast
  1024 | D:2      | Found a faded altar of an unknown god.
  1645 | D:2      | Reached XP level 4. HP: 31/35 MP: 0/0
  1759 | D:2      | HP: 5/35 [constriction (1)]
  2073 | D:1      | Reached skill level 4 in Spellcasting
  2361 | D:2      | Reached XP level 5. HP: 22/40 MP: 0/0
  2361 | D:2      | Learned a level 2 spell: Passwall
  3289 | D:3      | Found a sacrificial altar of Ru.
  3339 | D:3      | Reached XP level 6. HP: 17/46 MP: 0/0
  3773 | D:4      | Noticed Duvessa
  3777 | D:4      | Noticed Dowan
  4041 | D:4      | Killed Duvessa
  4042 | D:4      | Reached skill level 5 in Spellcasting
  4186 | D:4      | Killed Dowan
  4365 | D:4      | Reached XP level 7. HP: 42/50 MP: 0/0
  4365 | D:4      | Learned a level 3 spell: Dazzling Flash
  4451 | D:4      | Reached skill level 6 in Spellcasting
  4460 | D:4      | Noticed Natasha
  4462 | D:4      | Killed Natasha
  4605 | D:4      | Noticed Natasha
  4610 | D:4      | Killed Natasha
  4724 | D:4      | Noticed Natasha
  4737 | D:4      | Killed Natasha
  4872 | D:4      | Identified the +5 short sword of Bread {freeze, Dex+2}
  5239 | D:5      | Entered Level 5 of the Dungeon
  5318 | D:5      | Reached XP level 8. HP: 36/56 MP: 0/0
  5324 | D:5      | Reached skill level 7 in Spellcasting
  6479 | D:6      | HP: 9/56 [orc warrior (7)]
  6480 | D:6      | HP: 2/56 [orc warrior (7)]
  6856 | D:6      | Reached skill level 8 in Spellcasting
  7332 | D:6      | Reached XP level 9. HP: 16/60 MP: 0/0
  7332 | D:6      | Learned a level 4 spell: Summon Ice Beast
  7844 | D:6      | Found a shadowy altar of Dithmenos.
  7862 | D:6      | Reached skill level 9 in Spellcasting
  8353 | D:7      | Found a staircase to the Ecumenical Temple.
  8379 | Temple   | Entered the Ecumenical Temple
  8581 | D:10     | Entered Level 10 of the Dungeon
  8881 | D:10     | Found a flagged portal.
  8897 | Bailey   | Entered a bailey
  8918 | Bailey   | HP: 10/60 [orc warrior (7)]
  9263 | Bailey   | Noticed an orc knight
  9283 | Bailey   | HP: 6/60 [orc warrior (12)]
  9665 | D:9      | Noticed Maurice
  9680 | D:9      | Killed Maurice
  9681 | D:9      | Reached skill level 10 in Spellcasting
  9711 | D:9      | Noticed Maggie
  9726 | D:9      | Killed Maggie
  9727 | D:9      | Reached XP level 10. HP: 67/67 MP: 0/0
 10256 | D:8      | Found a stormy altar of Qazlal.
 10458 | D:8      | Found a glowing silver altar of Zin.
 10549 | D:8      | Found a staircase to the Lair.
 10601 | D:7      | Reached skill level 11 in Spellcasting
 10722 | D:7      | Found a white marble altar of Elyvilon.
 11142 | D:8      | Found Totakha's Antique Weapon Emporium.
 12005 | D:9      | Noticed a two-headed ogre
 12016 | D:9      | Killed a two-headed ogre
 12017 | D:9      | Reached skill level 12 in Spellcasting
 12023 | D:9      | HP: 13/67 [gnoll sergeant (2)]
 12787 | D:10     | Found a snail-covered altar of Cheibriados.
 12952 | D:10     | Reached XP level 11. HP: 56/71 MP: 0/0
 12952 | D:10     | Learned a level 4 spell: Summon Lightning Spire
 13314 | D:10     | Noticed a two-headed ogre
 13321 | D:10     | Killed a two-headed ogre
 13589 | D:9      | Identified 2 scrolls of acquirement
 13589 | D:9      | Acquired 876 gold pieces
 13591 | D:9      | Acquired a +1 hat of intelligence
 13606 | D:9      | Gained mutation: You are frail. (-10% HP) [potion of
                  | mutation]
 13606 | D:9      | Gained mutation: You are strong-willed. (Will+) [potion of
                  | mutation]
 13606 | D:9      | Gained mutation: You expend health (3 HP) to strengthen
                  | your wands. [potion of mutation]
 13606 | D:9      | Gained mutation: You have a pair of small horns on your
                  | head. [potion of mutation]
 13607 | D:9      | Lost mutation: You are frail. (-10% HP) [potion of
                  | mutation]
 13607 | D:9      | Lost mutation: You expend health (3 HP) to strengthen your
                  | wands. [potion of mutation]
 13607 | D:9      | Gained mutation: You are weak. (Str -2) [potion of
                  | mutation]
 13607 | D:9      | Gained mutation: Your spells are a little easier to cast,
                  | but a little less powerful. [potion of mutation]
 13607 | D:9      | Gained mutation: Your body sometimes deteriorates upon
                  | taking damage. [potion of mutation]
 13861 | D:10     | Reached skill level 4 in Fighting
 14783 | D:9      | Reached skill level 5 in Fighting
 15310 | D:10     | Found a staircase to the Orcish Mines.
 15662 | Lair:1   | Entered Level 1 of the Lair of Beasts
 15811 | Lair:1   | HP: 10/76 [wolf (9)]
 16324 | Lair:1   | Reached skill level 13 in Spellcasting
 16359 | Lair:1   | Noticed an eight-headed hydra
 16537 | Lair:1   | HP: 15/76 [eight-headed hydra (9)]
 16948 | D:8      | Killed an eight-headed hydra
 16949 | D:8      | Reached skill level 6 in Fighting
 17466 | Lair:1   | Reached skill level 7 in Fighting
 17475 | Lair:1   | Reached XP level 12. HP: 64/85 MP: 0/0
 17782 | Lair:1   | Found a runed translucent door.
 17783 | Lair:1   | Noticed issech's ghost (journeyman TrFi)
 17952 | Lair:1   | Killed issech's ghost
 18209 | Lair:2   | Reached skill level 8 in Fighting
 18296 | Lair:2   | Found a hole to the Spider Nest.
 19064 | Lair:2   | Found a staircase to the Swamp.
 19131 | Lair:2   | Found the +7 lajatang of Order {silver, rMut}
 19516 | Lair:2   | Reached skill level 9 in Fighting
 19525 | Lair:2   | Reached skill level 14 in Spellcasting
 19713 | Lair:2   | Noticed Harold
 19729 | Lair:2   | Killed Harold
 20318 | Lair:3   | Reached skill level 1 in Staves
 20462 | Lair:3   | Reached skill level 2 in Staves
 20462 | Lair:3   | Reached XP level 13. HP: 47/96 MP: 0/0
 20462 | Lair:3   | Learned a level 5 spell: Lightning Bolt
 20823 | Lair:3   | Reached skill level 10 in Fighting
 20879 | Lair:3   | HP: 16/96 [yak (10)]
 21204 | Lair:3   | Reached skill level 3 in Staves
 21663 | Lair:3   | Acquired the +1 cloak of Light {rF+ MP+9 SInv}
 22528 | Lair:4   | Reached skill level 4 in Staves
 22841 | Lair:4   | Noticed a five-headed hydra
 22842 | Lair:4   | HP: 14/97 [rime drake/flash freeze (15)]
 23150 | Lair:3   | Killed a five-headed hydra
 23334 | Lair:4   | HP: 16/98 [black mamba (7)]
 23335 | Lair:4   | HP: 7/98 [black mamba (7)]
 23335 | Lair:4   | HP: 1/98 [black mamba (6)]
 23836 | Lair:4   | Reached skill level 11 in Fighting
 23836 | Lair:4   | Reached skill level 5 in Staves
 23882 | Lair:4   | HP: 18/99 [cane toad (13)]
 23884 | Lair:4   | HP: 4/99 [cane toad (17)]
 23889 | Lair:4   | HP: 18/99 [cane toad (7)]
 24744 | Lair:4   | Found a hide-covered altar of Uskayaw.
 25347 | Lair:5   | Noticed a five-headed hydra
 25350 | Lair:5   | Killed a five-headed hydra
 25351 | Lair:5   | Reached XP level 14. HP: 91/105 MP: 0/0
 25372 | Lair:5   | Reached skill level 6 in Staves
 25381 | Lair:5   | HP: 10/105 [rime drake/flash freeze (18)]
 25804 | Lair:5   | Found a dark tunnel.
 25811 | Volcano  | Entered a volcano
 25932 | Volcano  | Reached skill level 15 in Spellcasting
 26336 | Volcano  | Reached skill level 12 in Fighting
 27276 | Lair:5   | Reached skill level 7 in Staves
 28087 | Lair:6   | Entered Level 6 of the Lair of Beasts
 28960 | Lair:5   | HP: 16/108 [hell rat (9)]
 28965 | Lair:5   | HP: 3/108 [hell rat (12)]
 29452 | Lair:5   | HP: 16/108 [four-headed hydra (11)]
 29980 | Lair:5   | HP: 10/108 [yak (14)]
 29980 | Lair:5   | HP: 2/108 [yak (8)]
 29980 | Lair:5   | Mangled by a cane toad

Illustrated notes

Levels and vault maps discovered:
D:1:      minmay_arrival_widening_spiral_wide, layout_loops_ring,
          grunt_decor_arrowhead
D:2:      cheibrodos_greedy_goblins, layout_rooms,
          ebering_ecumenical_altar_rust, grunt_ministairs_4, minmay_vboxes
D:3:      wander_river, layout_basic, old_standard_altar, minmay_misc_feat_roman
D:4:      layout_loops_ring, serial_bayou_pond_e, nicolae_underground_beach,
          uniq_natasha, uniq_duvessa
D:5:      layout_basic, st_stairs_7, grunt_ministairs_15
D:6:      layout_loops_ring, mainiacjoe_overflow_alcove_1,
          nicolae_dithmenos_shadow_blocks, serial_undead, serial_undead_b,
          serial_undead_d, serial_undead_a, serial_undead_b
D:7:      layout_rooms, mainiacjoe_overflow_small_starburst,
          minmay_temple_entry_sparse_star
D:8:      layout_loops_cross, old_standard_altar, zin_treasury,
          lair_entry_dummy, serial_shops, nicolae_stop_n_shop_1
D:9:      layout_roguey, uniq_maggie, uniq_maurice
D:10:     layout_layer_cave, mainiacjoe_overflow_tiny_flanked,
          zombieorc2_lemuel, enter_bailey_4, minivault_5, feat_on_display
Temple:   nicolae_temple_no_exploring_needed
Lair:1:   layout_gridlike, ebering_ghost_inner_flame
Lair:2:   layout_layer_cave, swamp_mist, hellmonk_spider_entry_life_and_decay,
          grunt_forest_stairs_basic, chequers_serial_rivers_micro_b,
          minmay_lindwurm_lava, uniq_harold
Lair:3:   layout_roguey
Lair:4:   layout_long_grid, special_room [special_room_mythical_zoo],
          minmay_lair_oklob_items, lemuel_oklob_altar, serial_bayou_shore_a
Lair:5:   layout_hall_layers, nicolae_volcano_entry_two_sided,
          minmay_lair_drake_nest, infiniplex_staircase_pool_2,
          grunt_megastairs_2, lemuel_fruit_tree
Lair:6:   minmay_lair_end_frog_pond, layout_regular_city,
          dpeg_slime_entry_enclosed_altar

Skill      XL: |  1  2  3  4  5  6  7  8  9 10 11 12 13 14 |
---------------+-------------------------------------------+-----
Spellcasting   | 3 4 5 6 8 10 12 13 14 15 | 15.4
Fighting       | 7 9 11 12 | 12.7
Staves         | 2 5 7 |  7.0
Long Blades    | |  2.6

Action                   |  1- 3 |  4- 6 |  7- 9 | 10-12 | 13-15 || total
-------------------------+-------+-------+-------+-------+-------++-------
Melee: Falchion          |    50 |    71 |    14 |       |       ||   135
       Punch             |       |     1 |       |     1 |       ||     2
       Short sword       |       |       |     5 |    12 |       ||    17
       Lajatang          |       |       |       |     3 |       ||     3
       Headbutt          |       |       |       |     1 |     1 ||     2
       Staff             |       |       |       |       |     3 ||     3
 Cast: Scorch            |    18 |    42 |   150 |   289 |    46 ||   545
       Dazzling Flash    |       |       |       |     6 |     1 ||     7
       Summon Ice Beast  |       |       |       |    28 |    13 ||    41
       Summon Lightning  |       |       |       |    41 |    16 ||    57
       Lightning Bolt    |       |       |       |       |   172 ||   172
Invok: Foxfire Swarm     |       |       |     7 |       |       ||     7
       Fiery Armour      |       |       |     1 |       |       ||     1
Evoke: Wand              |       |       |       |     5 |       ||     5
  Use: Potion            |       |       |     1 |    10 |     8 ||    19
       Scroll            |       |       |       |    16 |     7 ||    23
 Stab: Sleeping          |       |     1 |       |       |       ||     1
       Distracted        |       |       |       |     1 |       ||     1
Armor: Robe              |     3 |    29 |    46 |    79 |    52 ||   209
       Steam dragon scal |       |       |       |    48 |       ||    48
Dodge: Dodged            |    60 |    84 |    47 |   138 |    67 ||   396

Table legend: (Time is in decaauts)
 A = Elapsed time spent in this place.
 B = Non-inter-level travel time spent in this place.
 C = Inter-level travel time spent in this place.
 D = Time resting spent in this place.
 E = Time spent auto-exploring this place.
 F = Levels seen in this place.
 G = Mean time per level.
                   A        B        C        D        E       F      G
               +--------+--------+--------+--------+--------+-----+--------+
         Total |  30051 |  29240 |    811 |   3704 |  22054 |  19 | 1581.6 |
       Dungeon |  16161 |  15672 |    489 |    954 |  12897 |  10 | 1616.1 |
        Temple |      1 |      1 |      0 |      0 |      0 |   1 |    1.0 |
          Lair |  12603 |  12281 |    322 |   2000 |   8862 |   6 | 2100.5 |
        Bailey |    400 |    400 |      0 |     43 |    267 |   1 |  400.0 |
       Volcano |    883 |    883 |      0 |    707 |     28 |   1 |  883.0 |
               +--------+--------+--------+--------+--------+-----+--------+

Top non-repeatable levels by time:
  Lair:5: 3289 daAuts
  Lair:4: 2745 daAuts
  Lair:3: 2736 daAuts
     D:9: 2424 daAuts
  Lair:2: 2233 daAuts
    D:10: 2227 daAuts
     D:8: 1866 daAuts
     D:5: 1667 daAuts
     D:1: 1653 daAuts
  Lair:1: 1526 daAuts
     D:7: 1472 daAuts
     D:4: 1258 daAuts
     D:6: 1238 daAuts
     D:2: 1196 daAuts
     D:3: 1154 daAuts

Table legend:
 A = Kills in this place as a percentage of kills in entire the game.
 B = Kills by you in this place as a percentage of kills by you in the entire game.
 C = Kills by friends in this place as a percentage of kills by friends in the entire game.
 D = Other kills in this place as a percentage of other kills in the entire game.
 E = Experience gained in this place as a percentage of experience gained in the entire game.
 F = Experience gained in this place divided by the number of levels of this place that you have seen.
                   A       B       C       D       E      F
               +-------+-------+-------+-------+-------+----------------------
         Total | 100.0 | 100.0 | 100.0 |   N/A | 100.0 | 3284.5
       Dungeon |  59.8 |  67.5 |   7.5 |   N/A |  20.4 | 1273.3
          Lair |  35.1 |  26.6 |  92.5 |   N/A |  69.9 | 7267.8
        Bailey |   1.7 |   2.0 |   0.0 |   N/A |   0.4 | 270.0
       Volcano |   3.4 |   3.9 |   0.0 |   N/A |   9.3 | 5795.0
               +-------+-------+-------+-------+-------+----------------------
